 Dungeon Crawl Stone Soup version 0.31-a0-217-g58bb5d79cf (webtiles) character file.

Game seed: 4322069344091849487

8486 Zonian the Thaumaturge (level 11, -8/54 HPs)
             Began as a Deep Elf Ice Elementalist on July 2, 2023.
             Was a Believer of Ashenzari.
             Mangled by a yak (14 damage)
             ... on level 9 of the Dungeon.
             The game lasted 00:34:37 (15005 turns).

Zonian the Thaumaturge (Deep Elf Ice Elementalist) Turns: 15005, Time: 00:34:38

Health: -8/54      AC:  4    Str:  5    XL:     11   Next: 10%
Magic:  34/37      EV: 15    Int: 25    God:    Ashenzari [**....]
Gold:   485        SH:  0    Dex: 15    Spells: 13/33 levels left

rFire   . . .        u - +4 dagger (venom)
rCold   . . .        (no shield)
rNeg    . . .        a - +0 robe "Per Aspera Ad Scientiam" {Range, Bglg} (curse)
rPois   .            (no helmet)
rElec   .            (no cloak)
rCorr   .            g - +0 pair of gloves "Chained Foul Odours" {Alch, Evo} (curse)
SInv    +            j - +0 pair of boots of the Prescient Pleiades {Bglg, Melee} (curse)
Will    +....        s - amulet of regeneration
Stlth   ++++         h - ring "Shackled Together" {Wiz, Fort, Cun} (curse)
HPRegen 1.09/turn    o - ring of magical power
MPRegen 0.25/turn

%: wizardry (x1)
@: freezing walls
A: no striking features
a: Renounce Religion, Shatter the Chains


You were on level 9 of the Dungeon.
You worshipped Ashenzari.
Ashenzari was pleased with you.
You visited 2 branches of the dungeon, and saw 10 of its levels.

You collected 497 gold pieces.
You spent 12 gold pieces at shops.

Inventory:

Hand Weapons
 c - a +3 dagger
 i - a +0 orcbow
 m - a +0 hand axe of electrocution
 q - the +2 hammer of Acies {antimagic, rF+ rC+ Int+6}
   (You found it on level 2 of the Dungeon)

   Int:       It affects your intelligence (+6).
   rF:        It protects you from fire.
   rC:        It protects you from cold.
 u - a +4 dagger of venom (weapon)
 v - a +0 sling
 C - a +4 short sword
 E - a +4 hand axe
 O - a +4 long sword
Missiles
 k - 24 poisoned darts
 n - 7 boomerangs
 w - 6 curare-tipped darts
 G - 5 atropa-tipped darts
 P - 4 javelins
Armour
 a - the cursed +0 robe "Per Aspera Ad Scientiam" (worn) {Range, Bglg}

   It has a curse which improves the following skills: Ranged Combat: Ranged
   Weapons and Throwing.
   Beguiling: Conjurations, Hexes and Translocations.
 f - a +0 ring mail
 g - the cursed +0 pair of gloves "Chained Foul Odours" (worn) {Alch, Evo}
   (You found it on level 4 of the Dungeon)

   It has a curse which improves the following skills: Alchemy: Poison Magic and
   Transmutations.
   Evocations: Evocations.
 j - the cursed +0 pair of boots of the Prescient Pleiades (worn) {Bglg, Melee}
   (You found it on level 7 of the Dungeon)

   It has a curse which improves the following skills: Beguiling: Conjurations,
   Hexes and Translocations.
   Melee Combat: Short Blades, Long Blades, Axes, Maces & Flails, Polearms,
   Staves and Unarmed Combat.
 N - a +0 kite shield
 T - a +0 troll leather armour
Jewellery
 h - the cursed ring "Shackled Together" (left hand) {Wiz, Fort, Cun}
   (You found it on level 1 of the Dungeon)

   [ring of wizardry]

   It improves your spell success rate.
   It has a curse which improves the following skills: Fortitude: Armour and
   Shields.
   Cunning:   Dodging and Stealth.
 o - a ring of magical power (right hand)
 s - an amulet of regeneration (around neck)
 D - a ring of fire
 I - a ring of resist corrosion
Wands
 r - a wand of quicksilver (3)
 y - a wand of roots (7)
 z - a wand of digging (6)
 K - a wand of charming (8)
Scrolls
 d - 2 scrolls of fear
 e - 2 scrolls of teleportation
 A - 2 scrolls of poison
 B - 2 scrolls of revelation
 F - a scroll of amnesia
 H - 3 scrolls of butterflies
 J - 2 scrolls of blinking
 Q - 2 scrolls of fog
 R - a scroll of enchant armour
Potions
 b - 2 potions of magic
 l - a potion of mutation
 p - 3 potions of curing
 t - a potion of ambrosia
 x - 3 potions of invisibility
 L - a potion of haste
 M - a potion of lignification
 S - a potion of might


   Skills:
 + Level 0.2(0.4) Short Blades
 + Level 6.2(7.3) Dodging
 + Level 6.8(7.9) Stealth
 + Level 11.6 Spellcasting
 + Level 8.6 Summonings
 - Level 6.8(8.0) Transmutations
 + Level 10.4 Ice Magic


You had 13 spell levels left.
You knew the following spells:

 Your Spells              Type           Power      Damage    Failure   Level
a - Freeze                Ice            100%       1d10      1%          1
b - Frozen Ramparts       Ice            100%       1d16      1%          3
c - Ozocubu's Armour      Ice            61%        N/A       1%          3
d - Summon Ice Beast      Ice/Summ       58%        N/A       1%          4
e - Wereblood             Tmut           53%        N/A       1%          2
f - Ozocubu's Refrigerat  Ice            30%        4d14      19%         7

Your spell library contained the following spells:

 Spells                   Type           Power      Damage    Failure   Level
 Sublimation of Blood     Necr           14%        N/A       2%          2
 Summon Hydra             Summ           27%        N/A       36%         7


Dungeon Overview and Level Annotations

Branches:
Dungeon (9/15)             Temple (1/1) D:5            Lair (0/5) D:9
    Orc: D:9-12

Altars:
Ashenzari
Cheibriados
Dithmenos
Elyvilon
Fedhas
Gozag
Hepliaklqana
Makhleb
Okawaru
Qazlal
Ru
Sif Muna
Trog
Uskayaw
Vehumet
Wu Jian
Xom
Yredelemnul
Zin
The Shining One

Shops:
D:9 *


Message History

You start resting.
Your icy armour evaporates.
Unknown command.
HP restored.
You open the door.
There is an open door here.
There is an open door here.
You see here a +0 morningstar.
Key pressed, stopping explore.
You open the door.
There is an open door here.
There is an open door here.
There is an open door here.
A yak comes into view. 4 yaks come into view.
Found a tin of tremorstones (2/2).
The yak bellows! x2
There is an open door here.
The yak gores you! The yak misses you. x2
Unknown command.
Casting: Freeze (safe; 1% risk of failure)
Confirm with . or Enter, or press ? or * to list all spells.
Casting: Frozen Ramparts (safe; 1% risk of failure)
Press: ? - help, Dir - look around, f - activate The walls around you are covered in ice.
The wall freezes the yak! x2; The yak barely misses you.
The wall freezes the yak.
The yak gores you.
The wall freezes the yak!
The wall freezes the yak but does no damage.
The yak gores you.
You hit the yak.
The yak is poisoned.
The yak is lightly wounded.
The wall freezes the yak.
The wall freezes the yak!
The yak completely misses you.
The wall freezes the yak.
The yak gores you!
The wall freezes the yak.
The wall freezes the yak!
The yak gores you!
* * * LOW HITPOINT WARNING * * *
You hit the yak.
The yak looks even sicker.
The yak is heavily wounded.
The wall freezes the yak but does no damage.
The wall freezes the yak!
The yak gores you!
You die...

#....## #### ,
##'#### ,, * *
#.....# ##
#.....# .} , ,
#.....# .* , ,
#.....# *.# *,
* #.....#*#Y# ,
, * *
#.....##YY# *
,,
######.....#@Y#
, ,
....^'.....'Y##
** *
######.....###
#######


You could see 5 yaks.

Vanquished Creatures
  A centaur warrior (D:8)
  A cyclops (D:8)
  Prince Ribbit (D:6)
  Sigmund (D:2)
  5 wyverns
  9 yaks (D:9)
  A steam dragon (D:7)
  Menkaure (D:5)
  6 water moccasins
  3 black bears
  3 sky beasts
  4 orc warriors
  An ogre (D:6)
  3 centaurs (D:9)
  A phantom (D:4)
  Blork the orc (D:4)
  2 kobold brigands
  A gnoll sergeant (D:7)
  2 bullfrogs (D:8)
  6 scorpions
  7 wights
  A howler monkey (D:5)
  3 hounds
  5 orc priests
  A jelly (D:7)
  Crazy Yiuf (D:2)
  A sleepcap (D:6)
  Jessica (D:2)
  2 gnoll boudas (D:6)
  7 orc wizards
  4 iguanas
  Natasha (twice) (D:2)
  8 gnolls
  9 adders
  A shadow imp (D:6)
  A white imp (D:3)
  6 dart slugs
  30 orcs
  7 endoplasms
  3 giant cockroaches
  9 goblins
  12 hobgoblins
  13 jackals
  17 kobolds
  2 quokkas (D:2)
  6 ball pythons
  4 bats
  2 frilled lizards (D:1)
  6 rats
224 creatures vanquished.

Vanquished Creatures (collateral kills)
  A troll (D:9)
  A water moccasin (D:9)
  An ice beast (D:7)
  8 wights
  An iguana (D:7)
  An orc (D:8)
13 creatures vanquished.

Grand Total: 237 creatures vanquished

Notes
Turn   | Place    | Note
-------+----------+-------------------------------------------
     0 | D:1      | Zonian the Deep Elf Ice Elementalist began the quest for
                  | the Orb.
     0 | D:1      | Reached XP level 1. HP: 10/10 MP: 6/6
   178 | D:1      | Reached XP level 2. HP: 15/15 MP: 5/8
  1424 | D:2      | Reached XP level 3. HP: 19/19 MP: 10/10
  1913 | D:2      | Noticed Natasha
  2046 | D:2      | Killed Natasha
  2310 | D:2      | Noticed Jessica
  2320 | D:2      | Reached XP level 4. HP: 17/24 MP: 9/11
  2355 | D:2      | Killed Jessica
  2356 | D:2      | Reached skill level 4 in Spellcasting
  2356 | D:2      | Reached skill level 5 in Ice Magic
  2645 | D:2      | Learned a level 3 spell: Frozen Ramparts
  2649 | D:2      | Learned a level 3 spell: Ozocubu's Armour
  2711 | D:2      | Noticed Sigmund
  2737 | D:2      | Killed Sigmund
  2738 | D:2      | Reached XP level 5. HP: 21/28 MP: 14/14
  2935 | D:2      | Reached XP level 6. HP: 27/32 MP: 15/15
  2989 | D:2      | Reached skill level 5 in Spellcasting
  3177 | D:2      | Noticed Natasha
  3217 | D:2      | Killed Natasha
  3218 | D:2      | Reached skill level 5 in Stealth
  3549 | D:2      | Found a runed translucent door.
  3550 | D:2      | Noticed Crazy Yiuf
  3556 | D:2      | Killed Crazy Yiuf
  3561 | D:2      | Identified the +2 hammer of Acies {antimagic, rF+ rC+
                  | Int+6}
  4074 | D:3      | Found a white marble altar of Elyvilon.
  4200 | D:3      | Learned a level 4 spell: Summon Ice Beast
  4380 | D:3      | Found a glowing golden altar of the Shining One.
  4484 | D:3      | Found a faded altar of an unknown god.
  5477 | D:4      | Noticed Blork the orc
  5477 | D:4      | Found a snail-covered altar of Cheibriados.
  6209 | D:4      | Reached skill level 1 in Summonings
  6209 | D:4      | Reached XP level 7. HP: 30/36 MP: 17/17
  6523 | D:4      | Found a bloodstained altar of Trog.
  6534 | D:4      | Reached skill level 6 in Spellcasting
  6757 | D:4      | Found a stormy altar of Qazlal.
  6927 | D:4      | Killed Blork the orc
  7305 | D:5      | Entered Level 5 of the Dungeon
  7422 | D:4      | Reached skill level 7 in Spellcasting
  7623 | D:4      | Learned a level 2 spell: Wereblood
  7711 | D:5      | Reached XP level 8. HP: 33/41 MP: 20/20
  7823 | D:5      | Found a staircase to the Ecumenical Temple.
  7830 | Temple   | Entered the Ecumenical Temple
  7839 | Temple   | Became a worshipper of Ashenzari the Shackled
  7871 | D:5      | Reached skill level 1 in Transmutations
  8000 | D:5      | Found a shadowy altar of Dithmenos.
  8006 | D:5      | Noticed Menkaure
  8342 | D:5      | Killed Menkaure
  9022 | D:5      | Reached skill level 8 in Spellcasting
  9341 | D:6      | Reached skill level 5 in Summonings
  9590 | D:6      | Reached XP level 9. HP: 45/45 MP: 23/23
 10038 | D:6      | Reached skill level 9 in Spellcasting
 10210 | D:6      | Noticed Prince Ribbit
 10216 | D:6      | Killed Prince Ribbit
 10386 | D:7      | Reached * piety under Ashenzari
 10639 | D:7      | Reached skill level 5 in Transmutations
 11746 | D:7      | Reached skill level 10 in Spellcasting
 11920 | D:7      | Found a shimmering blue altar of Sif Muna.
 12016 | D:7      | Reached XP level 10. HP: 16/50 MP: 26/26
 12226 | D:7      | Reached ** piety under Ashenzari
 12528 | D:8      | Noticed a centaur warrior
 12535 | D:8      | Killed a centaur warrior
 13518 | D:8      | Noticed a cyclops
 14080 | D:9      | Reached skill level 11 in Spellcasting
 14088 | D:9      | Reached skill level 5 in Dodging
 14088 | D:9      | Reached skill level 10 in Ice Magic
 14147 | D:9      | Found a staircase to the Lair.
 14328 | D:9      | Learned a level 7 spell: Ozocubu's Refrigeration
 14637 | D:9      | Found Kyheinur's CLEARANCE SALE!.
 14647 | D:9      | Bought a scroll of butterflies for 12 gold pieces
 14697 | D:9      | Reached XP level 11. HP: 8/54 MP: 28/28
 14809 | D:9      | Found a radiant altar of Vehumet.
 15005 | D:9      | Mangled by a yak

Illustrated notes

Levels and vault maps discovered:
D:1:      dpeg_chamrin_arrival_tetris, layout_basic, minmay_misc_feat_diagonals,
          patterned_corridor
D:2:      minmay_evil_eye, layout_loops_cross, uniq_crazy_yiuf_cottage,
          uniq_sigmund, uniq_natasha, uniq_jessica
D:3:      minmay_razor_zed, layout_rooms, nicolae_tso_carved_into_rock,
          nicolae_elyvilon_temple_path, shapermc_ecumenical_altar_flowoftime
D:4:      layout_basic, kennysheep_mini, mainiacjoe_overflow_chevrons,
          trog_ov_bears_minmay, uniq_blork_the_orc
D:5:      layout_cave_pools, grunt_dithmenos_smoke_and_mirrors,
          minmay_temple_entry_arrows, uniq_menkaure
D:6:      minmay_angry_zag, layout_basic, uniq_prince_ribbit1
D:7:      layout_loops_ring, mainiacjoe_overflow_24_doors
D:8:      layout_loops_ring, minmay_microvault
D:9:      layout_roguey, kennysheep_vampire_church, nicolae_vehumet_altar_sigil,
          minmay_lair_entry_grove, grunt_livestock, nicolae_shop_clearance
Temple:   nicolae_temple_no_exploring_needed

Skill      XL: |  1  2  3  4  5  6  7  8  9 10 11 |
---------------+----------------------------------+-----
Dodging        | 3 4 5 6 |  6.2
Stealth        | 3 4 5 6 |  6.8
Spellcasting   | 4 5 7 8 10 11 | 11.6
Ice Magic      | 5 6 8 9 10 | 10.4
Summonings     | 1 3 5 7 8 |  8.6
Transmutations | 3 5 6 |  6.8
Short Blades   | |  0.2

Action                     |  1- 3 |  4- 6 |  7- 9 | 10-12 || total
---------------------------+-------+-------+-------+-------++-------
  Melee: Unarmed           |     1 |     4 |       |       ||     5
         Dagger            |    28 |   117 |   148 |   100 ||   393
         Punch             |       |     1 |     2 |       ||     3
         Short sword       |       |       |    15 |       ||    15
  Throw: Dart              |       |     3 |     2 |       ||     5
         Boomerang         |       |     1 |     1 |       ||     2
   Cast: Freeze            |    28 |     3 |     2 |     3 ||    36
         Frozen Ramparts   |       |    12 |    39 |    15 ||    66
         Ozocubu's Armour  |       |     1 |     6 |     4 ||    11
         Summon Ice Beast  |       |       |    13 |    18 ||    31
         Wereblood         |       |       |       |     1 ||     1
 Invoke: Curse Item        |       |       |     2 |     2 ||     4
  Evoke: Wand              |       |     2 |     6 |     2 ||    10
    Use: Scroll            |     1 |     7 |     9 |     1 ||    18
         Potion            |       |     1 |     1 |     1 ||     3
   Stab: Sleeping          |     6 |    12 |     7 |     2 ||    27
         Distracted        |       |       |     1 |     1 ||     2
 Armour: Robe              |    10 |    19 |    23 |    30 ||    82
  Dodge: Dodged            |    32 |    75 |   121 |    93 ||   321

Table legend: (Time is in decaauts)
 A = Elapsed time spent in this place.
 B = Non-inter-level travel time spent in this place.
 C = Inter-level travel time spent in this place.
 D = Time resting spent in this place.
 E = Time spent auto-exploring this place.
 F = Levels seen in this place.
 G = Mean time per level.
                   A        B        C        D        E       F      G
               +--------+--------+--------+--------+--------+-----+--------+
         Total |  15015 |  14406 |    609 |   6229 |   5206 |  10 | 1501.5 |
       Dungeon |  14998 |  14396 |    602 |   6229 |   5206 |   9 | 1666.4 |
        Temple |     16 |      9 |      7 |      0 |      0 |   1 |   16.0 |
               +--------+--------+--------+--------+--------+-----+--------+

Top non-repeatable levels by time:
     D:3: 2401 daAuts
     D:2: 2274 daAuts
     D:7: 2032 daAuts
     D:4: 1793 daAuts
     D:8: 1625 daAuts
     D:1: 1345 daAuts
     D:5: 1342 daAuts
     D:6: 1205 daAuts
     D:9: 978 daAuts
  Temple: 16 daAuts
